[ PARTIDA AOE2 · #462866815 ]
Team RMYurchen vs Mongols
[ ANÁLISIS DE REPETICIÓN · EXTRAÍDO DE LA PARTIDA GRABADA ]
Feudal
9:16
Castillos
—
Imperial
—
| APM promedio | 40.0 |
| APM pico | 64 |
| eAPM promedio | 11.5 |
| Aldeanos / militares | 33 / 3 |
Foco
⚔️ 25.7% · 🌾 74.3%
Scout Cavalry ×3
Feudal
10:19
Castillos
—
Imperial
—
| APM promedio | 31.7 |
| APM pico | 47 |
| eAPM promedio | 15.1 |
| Aldeanos / militares | 26 / 10 |
Foco
⚔️ 32.4% · 🌾 67.6%
Scout Cavalry ×7 · Spearman ×2 · Militia ×1
Feudal
8:53
Castillos
—
Imperial
—
| APM promedio | 30.9 |
| APM pico | 60 |
| eAPM promedio | 9.5 |
| Aldeanos / militares | 31 / 14 |
Foco
⚔️ 23.9% · 🌾 76.1%
Archer ×14
Feudal
—
Castillos
—
Imperial
—
| APM promedio | 24.7 |
| APM pico | 70 |
| eAPM promedio | 7.6 |
| Aldeanos / militares | 22 / 0 |
Foco
⚔️ 3.0% · 🌾 97.0%
Mapa de la partida
Recursos iniciales + cada clic de construcción. Líneas = muros · curvas = relieve. ◆ oro · ⬟ piedra · ● bayas · ✦ reliquia · ◌ hueco del cierre
Tu base· Abierta — flanco sin cerrar
Base de toilet gaming· Abierta — flanco sin cerrar
Base de 麥諾雞· Abierta — flanco sin cerrar
Base de qvbcheng· Abierta — flanco sin cerrar
Terreno inicial suavizado · ◌ = hueco del cierre detectado · pasá el cursor para detalles
Inputs por minuto
— JJ - - toilet gaming
Build order — JJ
69 acciones detectadas en el replay
| 0:00 | Crear | Villager (Male) |
| 0:01 | Crear | Villager (Male) |
| 0:01 | Crear | Villager (Male) |
| 0:02 | Construir | House |
| 0:04 | Construir | House |
| 0:33 | Crear | Villager (Male) |
| 1:27 | Crear | Villager (Male) |
| 1:58 | Construir | Lumber Camp |
| 2:01 | Crear | Villager (Male) |
| 2:13 | Crear | Villager (Male) |
| 2:40 | Crear | Villager (Male) |
| 3:13 | Crear | Villager (Male) |
| 3:24 | Construir | House |
| 3:25 | Construir | House |
| 3:40 | Crear | Villager (Male) |
| 4:08 | Crear | Villager (Male) |
| 4:34 | Crear | Villager (Male) |
| 4:35 | Crear | Villager (Male) |
| 5:01 | Crear | Villager (Male) |
| 5:01 | Crear | Villager (Male) |
| 5:15 | Crear | Villager (Male) |
| 5:41 | Crear | Villager (Male) |
| 5:44 | Construir | Mill |
| 6:14 | Investigar | Loom |
| 7:05 | Investigar | Feudal Age |
| 7:57 | Crear | Villager (Male) |
| 8:55 | Construir | Barracks |
| 9:07 | Crear | Villager (Male) |
| 9:16 | Edad | Edad Feudal |
| 9:16 | Investigar | Double-Bit Axe |
| 9:16 | Investigar | Double-Bit Axe |
| 9:44 | Crear | Villager (Male) |
| 9:48 | Construir | Farm |
| 9:54 | Construir | Stable |
| 9:59 | Construir | House |
| 10:01 | Construir | House |
| 10:10 | Crear | Villager (Male) |
| 10:34 | Crear | Scout Cavalry |
| 10:34 | Crear | Scout Cavalry |
| 10:35 | Crear | Scout Cavalry |
| 10:47 | Crear | Villager (Male) |
| 11:03 | Construir | House |
| 11:09 | Crear | Villager (Male) |
| 11:14 | Construir | Blacksmith |
| 11:16 | Crear | Villager (Male) |
| 11:35 | Crear | Villager (Male) |
| 11:48 | Construir | Farm |
| 11:50 | Construir | Farm |
| 11:55 | Construir | Farm |
| 12:02 | Construir | House |
| 12:03 | Construir | House |
| 12:08 | Construir | Mining Camp |
| 12:19 | Crear | Villager (Male) |
| 12:27 | Crear | Villager (Male) |
| 12:31 | Construir | Farm |
| 13:07 | Crear | Villager (Male) |
| 13:07 | Crear | Villager (Male) |
| 13:19 | Construir | Market |
| 13:33 | Crear | Villager (Male) |
| 13:33 | Crear | Villager (Male) |
| 13:54 | Construir | Farm |
| 13:56 | Construir | Farm |
| 14:07 | Construir | Farm |
| 14:13 | Construir | Farm |
| 14:36 | Construir | House |
| 14:37 | Construir | House |
| 14:39 | Construir | Palisade Wall |
| 14:41 | Crear | Villager (Male) |
| 14:49 | Crear | Villager (Male) |
Build order — toilet gaming
56 acciones detectadas en el replay
| 0:43 | Crear | Villager (Male) |
| 0:44 | Crear | Villager (Male) |
| 0:45 | Crear | Villager (Male) |
| 0:47 | Crear | Villager (Male) |
| 0:49 | Construir | House |
| 0:50 | Construir | House |
| 1:12 | Construir | House |
| 1:14 | Construir | Lumber Camp |
| 2:34 | Crear | Villager (Male) |
| 2:34 | Crear | Villager (Male) |
| 3:00 | Crear | Villager (Male) |
| 3:33 | Crear | Villager (Male) |
| 3:59 | Crear | Villager (Male) |
| 4:07 | Construir | House |
| 4:13 | Crear | Villager (Male) |
| 4:46 | Crear | Villager (Male) |
| 5:14 | Crear | Villager (Male) |
| 5:37 | Crear | Villager (Male) |
| 5:38 | Crear | Villager (Male) |
| 6:17 | Crear | Villager (Male) |
| 6:21 | Crear | Villager (Male) |
| 6:26 | Crear | Villager (Male) |
| 6:28 | Crear | Villager (Male) |
| 6:29 | Crear | Villager (Male) |
| 6:57 | Construir | Mill |
| 7:24 | Investigar | Loom |
| 7:46 | Construir | Mining Camp |
| 7:58 | Investigar | Feudal Age |
| 8:08 | Construir | House |
| 8:09 | Construir | House |
| 9:17 | Construir | Barracks |
| 9:26 | Crear | Villager (Male) |
| 9:27 | Crear | Villager (Male) |
| 9:30 | Crear | Villager (Male) |
| 9:30 | Crear | Villager (Male) |
| 10:19 | Edad | Edad Feudal |
| 11:02 | Crear | Villager (Male) |
| 11:02 | Crear | Villager (Male) |
| 11:19 | Crear | Villager (Male) |
| 11:35 | Construir | Stable |
| 12:15 | Crear | Spearman |
| 12:15 | Crear | Spearman |
| 12:21 | Crear | Scout Cavalry |
| 12:21 | Crear | Scout Cavalry |
| 12:42 | Crear | Militia |
| 12:48 | Construir | Barracks |
| 13:17 | Crear | Scout Cavalry |
| 13:18 | Crear | Scout Cavalry |
| 13:19 | Crear | Scout Cavalry |
| 13:38 | Crear | Scout Cavalry |
| 13:38 | Crear | Scout Cavalry |
| 13:50 | Construir | Farm |
| 13:59 | Construir | Farm |
| 14:00 | Construir | Farm |
| 14:00 | Construir | Farm |
| 14:01 | Construir | Farm |
Build order — 麥諾雞
67 acciones detectadas en el replay
| 0:01 | Crear | Villager (Male) |
| 0:02 | Crear | Villager (Male) |
| 0:03 | Construir | House |
| 0:06 | Construir | House |
| 0:09 | Crear | Villager (Male) |
| 0:09 | Crear | Villager (Male) |
| 1:34 | Crear | Villager (Male) |
| 2:02 | Crear | Villager (Male) |
| 2:09 | Construir | Lumber Camp |
| 2:30 | Crear | Villager (Male) |
| 2:30 | Crear | Villager (Male) |
| 2:52 | Crear | Villager (Male) |
| 3:18 | Crear | Villager (Male) |
| 3:19 | Crear | Villager (Male) |
| 3:52 | Construir | House |
| 4:02 | Crear | Villager (Male) |
| 4:02 | Crear | Villager (Male) |
| 4:35 | Construir | Mining Camp |
| 4:59 | Crear | Villager (Male) |
| 5:00 | Crear | Villager (Male) |
| 5:00 | Crear | Villager (Male) |
| 5:42 | Investigar | Loom |
| 6:43 | Investigar | Feudal Age |
| 7:27 | Crear | Villager (Male) |
| 8:04 | Construir | House |
| 8:07 | Construir | Barracks |
| 8:27 | Crear | Villager (Male) |
| 8:53 | Edad | Edad Feudal |
| 8:59 | Crear | Villager (Male) |
| 9:02 | Construir | Archery Range |
| 9:04 | Construir | Archery Range |
| 9:43 | Construir | House |
| 9:45 | Construir | House |
| 9:54 | Crear | Villager (Male) |
| 10:29 | Crear | Archer |
| 10:30 | Crear | Archer |
| 10:37 | Crear | Villager (Male) |
| 10:57 | Construir | Blacksmith |
| 11:09 | Crear | Villager (Male) |
| 11:25 | Construir | House |
| 11:32 | Crear | Archer |
| 11:32 | Crear | Archer |
| 11:33 | Crear | Villager (Male) |
| 11:40 | Investigar | Fletching |
| 12:00 | Crear | Villager (Male) |
| 12:04 | Construir | House |
| 12:08 | Crear | Archer |
| 12:09 | Crear | Archer |
| 12:38 | Construir | House |
| 12:51 | Crear | Villager (Male) |
| 12:58 | Construir | Mill |
| 13:08 | Crear | Villager (Male) |
| 13:25 | Crear | Villager (Male) |
| 13:29 | Construir | House |
| 13:31 | Crear | Archer |
| 13:31 | Crear | Archer |
| 13:32 | Crear | Villager (Male) |
| 13:47 | Crear | Villager (Male) |
| 13:54 | Crear | Archer |
| 13:54 | Crear | Archer |
| 13:59 | Investigar | Double-Bit Axe |
| 14:51 | Crear | Villager (Male) |
| 14:52 | Crear | Archer |
| 14:52 | Crear | Archer |
| 14:53 | Crear | Villager (Male) |
| 15:01 | Crear | Archer |
| 15:01 | Crear | Archer |
Build order — qvbcheng
47 acciones detectadas en el replay
| 0:20 | Construir | House |
| 0:24 | Construir | House |
| 0:28 | Crear | Villager (Male) |
| 0:29 | Crear | Villager (Male) |
| 0:30 | Crear | Villager (Male) |
| 0:30 | Crear | Villager (Male) |
| 1:54 | Crear | Villager (Male) |
| 1:54 | Crear | Villager (Male) |
| 2:22 | Construir | Lumber Camp |
| 2:27 | Crear | Villager (Male) |
| 2:27 | Crear | Villager (Male) |
| 2:51 | Crear | Villager (Male) |
| 3:33 | Crear | Villager (Male) |
| 3:34 | Crear | Villager (Male) |
| 4:04 | Construir | Mill |
| 4:09 | Crear | Villager (Male) |
| 4:10 | Crear | Villager (Male) |
| 4:49 | Construir | House |
| 4:57 | Crear | Villager (Male) |
| 4:58 | Crear | Villager (Male) |
| 5:40 | Construir | Palisade Wall |
| 6:03 | Crear | Villager (Male) |
| 6:29 | Crear | Villager (Male) |
| 6:30 | Crear | Villager (Male) |
| 7:31 | Construir | House |
| 7:55 | Construir | Palisade Wall |
| 8:00 | Construir | Palisade Wall |
| 8:23 | Crear | Villager (Male) |
| 8:23 | Crear | Villager (Male) |
| 8:56 | Construir | Farm |
| 8:57 | Construir | Farm |
| 8:57 | Construir | Farm |
| 8:58 | Construir | Farm |
| 8:58 | Construir | Farm |
| 8:58 | Construir | Farm |
| 8:59 | Construir | Farm |
| 8:59 | Construir | Farm |
| 8:59 | Construir | Farm |
| 9:00 | Construir | Farm |
| 9:00 | Construir | Farm |
| 9:00 | Construir | Farm |
| 9:01 | Construir | Farm |
| 9:03 | Construir | Farm |
| 9:18 | Crear | Villager (Male) |
| 9:19 | Crear | Villager (Male) |
| 9:43 | Construir | Farm |
| 9:48 | Construir | Farm |
Cronología de la partida
| 5:40 | qvbcheng · wall_segment Palisade Wall x14 |
| 7:55 | qvbcheng · wall_segment Palisade Wall x1 |
| 8:00 | qvbcheng · wall_segment Palisade Wall x24 |
| 8:07 | 麥諾雞 · first_building Barracks |
| 8:53 | 麥諾雞 · age_up feudal |
| 8:55 | JJ · first_building Barracks |
| 9:02 | 麥諾雞 · first_building Archery Range |
| 9:16 | JJ · age_up feudal |
| 9:17 | toilet gaming · first_building Barracks |
| 9:54 | JJ · first_building Stable |
| 10:05 | qvbcheng · resign |
| 10:19 | toilet gaming · age_up feudal |
| 11:35 | toilet gaming · first_building Stable |
| 14:39 | JJ · wall_segment Palisade Wall x1 |
[ ANÁLISIS IA · 1 CRÉDITO ]
¿Qué pasó realmente en esta partida?
Wolo.gg analiza cada decisión: build order, eco, micro, errores típicos por bracket. Análisis personalizado por WhatsApp o Discord en 30 segundos.
Guía civ
Yurchen
Guía mapa
Arabia
Perfil
JJ